 Dungeon Crawl Stone Soup version 0.25-a0-942-g87a53962fc (webtiles) character file.

Game seed: 8615608312869552759, levelgen mode: deterministic

3812 Maedhros the Spear-Bearer (level 10, -1/68 HPs)
             Began as an Octopode Fighter on May 6, 2020.
             Was a Believer of Fedhas.
             Slain by a killer bee (9 damage)
             ... on level 8 of the Dungeon.
             The game lasted 00:09:06 (9720 turns).

Maedhros the Spear-Bearer (Octopode Fighter)        Turns: 9720, Time: 00:09:07

Health: -1/68      AC:  1    Str: 16      XL:     10   Next: 17%
Magic:  12/15      EV: 14    Int: 11      God:    Fedhas [**....]
Gold:   157        SH: 10    Dex: 11 (14) Spells: 9/9 levels left

rFire    . . .     SeeInvis .   a - +0 trident
rCold    + . .     Gourm    .   b - +0 kite shield
rNeg     . . .     Faith    .   (helmet restricted)
rPois    +         Spirit   .   (no amulet)
rElec    .         Reflect  .   r - ring of protection from cold
rCorr    .         Harm     .   w - ring of poison resistance
MR       .....                  (no ring)
Stlth    ++........             (no ring)
HPRegen  0.21/turn              (no ring)
MPRegen  0.14/turn              (no ring)
                                (no ring)
                                (no ring)

@: lethally poisoned (-1 -> -4)
A: almost no armour, stealthy swim, amphibious, 8 rings, constrict 8, camouflage
1, gelatinous body 1
a: Wall of Briars, Renounce Religion


You were on level 8 of the Dungeon.
You worshipped Fedhas.
Fedhas was pleased with you.
You were not hungry.

You visited 1 branch of the dungeon, and saw 8 of its levels.
You also visited: Sewer.

You collected 277 gold pieces.
You spent 120 gold pieces at shops.

Inventory:

Hand Weapons
 a - a +0 trident (weapon)
Missiles
 v - 39 poisoned darts (quivered)
Armour
 b - a +0 kite shield (worn)
 y - a +0 tower shield
Jewellery
 r - a ring of protection from cold (left tentacle)
 w - a ring of poison resistance (right tentacle)
Wands
 l - a wand of flame (18)
Scrolls
 e - 9 scrolls of identify
 g - a scroll of immolation {unknown}
 h - a scroll of teleportation
 j - a scroll of random uselessness {unknown}
 k - a scroll of amnesia {unknown}
 n - 3 scrolls of enchant armour
 p - a scroll of fog {unknown}
 s - a scroll of blinking {unknown}
 x - a scroll of fear {unknown}
 B - 2 scrolls of remove curse {unknown}
Potions
 c - a potion of might
 f - 2 potions of flight
 o - a potion of haste
 q - a potion of stabbing
 u - 3 potions of ambrosia {unknown}
Comestibles
 d - 7 rations


   Skills:
 + Level 6.1 Fighting
 - Level 9.1 Polearms
 + Level 6.1 Dodging
 + Level 6.1 Shields
 + Level 7.0 Invocations


You had 9 spell levels left.
You didn't know any spells.
Your spell library was empty.

Dungeon Overview and Level Annotations

Branches:
Dungeon (8/15)             Temple (0/1) D:7           Sewer (visited)
   Lair: D:8-11

Altars:
Elyvilon
Fedhas
Gozag
Ru
Trog
Vehumet
Wu Jian
The Shining One

Shops:
D:7 *

Annotations:
D:5 2 transporters, 1 runed translucent door
D:8 Prince Ribbit


Innate Abilities, Weirdness & Mutations

You cannot wear most types of armour.
You are very stealthy in the water. (Stealth+)
You are amphibious.
You can wear up to eight rings at the same time.
You can use your tentacles to constrict eight enemies at once.
Your skin changes colour to match your surroundings (Stealth+).
Your rubbery body absorbs attacks. (AC +1, EV +1)


Message History

The killer bee is severely wounded.
You feel sick. You block the killer bee's attack. The killer bee stings you.
* * * LOW HITPOINT WARNING * * *
You feel much better.
You feel sick. The killer bee stings you!
* * * LOW HITPOINT WARNING * * *
The killer bee stings you.
* * * LOW HITPOINT WARNING * * *
Evoke which item? (* to show all) (? for menu, Esc to quit)
Okay, then.
Okay, then.
Okay, then.
Okay, then.
Evoke which item? (* to show all) (? for menu, Esc to quit)
Okay, then.
A briar patch grows up from the ground. x2; You feel slightly more hungry.
You block the killer bee's attack. x2
You walk carefully through the plants.
You feel sick. You block the killer bee's attack. The killer bee stings you!
You die...
Fedhas appreciates your contribution to the ecosystem.

######## #......#
#....(.# #......#
#......# ## #......#
#. ####......#
.#####.####P........#
...>.....gy@##......#
....$...######......#
##.....## #......#
##.... ####.###
#..#.# #.# ##....#
#.# #.W...## #.#
#)#.)..# #.# #.##)..#
#.#


You could see a killer bee and a gnoll.

Vanquished Creatures
  Harold (D:7)
  Maggie (D:7)
  Grinder (D:3)
  2 ice beasts (D:5)
  3 ogres
  A phantom (D:7)
  2 centaurs
  2 big kobolds
  5 bullfrogs
  2 scorpions (D:6)
  8 killer bees (D:8)
  4 howler monkeys
  4 crimson imps
  A jelly (D:5)
  Crazy Yiuf (D:5)
  3 orc priests
  2 hounds
  3 orc wizards
  Terence (D:3)
  2 iguanas
  3 worker ants
  A killer bee zombie (D:7)
  A hound zombie (D:7)
  8 gnolls
  6 adders
  2 river rats
  2 shadow imps
  An adder skeleton (D:6)
  4 worms
  2 dart slugs
  2 leopard geckos
  26 orcs
  9 giant cockroaches
  5 goblins
  4 hobgoblins
  18 kobolds
  A quokka (D:2)
  3 ball pythons
  7 bats
  4 frilled lizards
  A leopard gecko skeleton (D:5)
  12 rats
171 creatures vanquished.

Vanquished Creatures (others)
  A gnoll shaman (D:8)
  2 orc wizards (D:4)
  A jackal (Sewer)
4 creatures vanquished.

Grand Total: 175 creatures vanquished

Notes
Turn   | Place    | Note
-------+----------+-------------------------------------------
     0 | D:1      | Maedhros the Octopode Fighter began the quest for the Orb.
     0 | D:1      | Reached XP level 1. HP: 16/16 MP: 1/1
   108 | D:1      | Reached XP level 2. HP: 9/21 MP: 2/2
   447 | D:1      | Reached skill level 3 in Polearms
   963 | D:2      | Reached XP level 3. HP: 26/26 MP: 3/3
  1157 | D:2      | Reached skill level 4 in Polearms
  1276 | D:2      | Reached XP level 4. HP: 31/31 MP: 4/4
  1720 | D:3      | Found a glowing drain.
  1732 | Sewer    | Entered a sewer
  1858 | Sewer    | Noticed a big kobold
  1868 | Sewer    | Killed a big kobold
  1868 | Sewer    | Reached skill level 5 in Polearms
  1868 | Sewer    | Reached XP level 5. HP: 20/36 MP: 5/5
  2074 | Sewer    | Found a white marble altar of Elyvilon.
  2531 | D:3      | Noticed Terence
  2861 | D:3      | Found a bloodstained altar of Trog.
  2866 | D:3      | Noticed Grinder
  2879 | D:3      | Killed Grinder
  2879 | D:3      | Reached skill level 7 in Polearms
  2879 | D:3      | Reached XP level 6. HP: 24/42 MP: 6/6
  3451 | D:3      | Killed Terence
  3451 | D:3      | Reached XP level 7. HP: 37/46 MP: 7/7
  3792 | D:4      | Found a blossoming altar of Fedhas.
  4001 | D:5      | Entered Level 5 of the Dungeon
  4131 | D:5      | Reached skill level 8 in Polearms
  4350 | D:4      | Became a worshipper of Fedhas Madash
  5101 | D:5      | Found a radiant altar of Vehumet.
  5101 | D:5      | Noticed a yak
  5105 | D:5      | Found an ornate altar of the Wu Jian Council.
  5105 | D:5      | Found a transporter.
  5106 | D:5      | Found a white marble altar of Elyvilon.
  5106 | D:5      | Noticed a four-headed hydra
  5189 | D:5      | Found a transporter.
  5225 | D:5      | Reached skill level 1 in Invocations
  5320 | D:5      | Found a glowing golden altar of the Shining One.
  5321 | D:5      | Found a runed translucent door.
  5321 | D:5      | Noticed an angel
  5391 | D:5      | Found a glowing golden altar of the Shining One.
  5459 | D:5      | Reached XP level 8. HP: 7/52 MP: 9/9
  5864 | D:5      | Found a runed translucent door.
  5865 | D:5      | Noticed Crazy Yiuf
  6421 | D:5      | Killed Crazy Yiuf
  6496 | D:6      | Reached skill level 9 in Polearms
  7209 | D:6      | Found an opulent altar of Gozag.
  7376 | D:6      | Found a blossoming altar of Fedhas.
  7485 | D:7      | Noticed Maggie
  7497 | D:7      | Killed Maggie
  7497 | D:7      | Reached * piety under Fedhas
  7497 | D:7      | Reached skill level 5 in Invocations
  7497 | D:7      | Reached XP level 9. HP: 8/58 MP: 12/12
  7970 | D:7      | Noticed Harold
  7985 | D:7      | Killed Harold
  7985 | D:7      | Reached skill level 5 in Fighting
  7985 | D:7      | Reached skill level 5 in Dodging
  7985 | D:7      | Reached skill level 5 in Shields
  8019 | D:7      | Found Yqilieg's Assorted Antiques.
  8160 | D:7      | Found a staircase to the Ecumenical Temple.
  8257 | D:7      | HP: 1/61 [phantom (7)]
  8623 | D:7      | Bought a short glass wand for 120 gold pieces
  8748 | D:7      | Found a sacrificial altar of Ru.
  9120 | D:7      | Reached XP level 10. HP: 49/68 MP: 14/14
  9325 | D:8      | Noticed Prince Ribbit
  9660 | D:8      | Reached ** piety under Fedhas
  9720 | D:8      | Slain by a killer bee

Levels and vault maps discovered:
D:1:      heliophobic_arrival_dark_side_of_the_moon, layout_loops_ring
D:2:      layout_loops_ring
D:3:      layout_loops_corners, old_standard_altar, first_ration,
          portal_sewer_entry_a, uniq_terence, uniq_grinder
D:4:      layout_cave_pods, lemuel_doored_altar, dk_noncrumbling_4,
          kennysheep_dice
D:5:      layout_cave_pools, gammafunk_temple_overflow_arena, basic_altar,
          lemuel_angel_altar, uniq_crazy_yiuf_cottage
D:6:      layout_rooms, grunt_gozag_statues, minmay_misc_feat_tiny,
          chequers_hall_statues_wall_a, fedhas_altar_1
D:7:      layout_gridville, kennysheep_mini_moat,
          minmay_temple_entry_butterflies, serial_shops, shop_statue,
          uniq_harold, uniq_maggie
D:8:      layout_rooms, blue_anna_alchemist [blue_anna_fruit_fields,
          blue_anna_fruit_fields], uniq_prince_ribbit1

Skill      XL: |  1  2  3  4  5  6  7  8  9 10 |
---------------+-------------------------------+-----
Polearms       | 3 4 5 7 8 9 |  9.1
Invocations    | 2 5 6 7 |  7.0
Fighting       | 4 5 6 |  6.1
Dodging        | 4 5 6 |  6.1
Shields        | 4 5 6 |  6.1

Action                   |  1- 3 |  4- 6 |  7- 9 | 10-12 || total
-------------------------+-------+-------+-------+-------++-------
Melee: Trident           |    65 |   104 |   323 |   108 ||   600
       Constrict         |    12 |    28 |    53 |     3 ||    96
       Tentacles         |    12 |    22 |    61 |     8 ||   103
Invok: Wall of Briars    |       |       |       |     1 ||     1
Evoke: Wand              |       |       |     4 |       ||     4
  Use: Potion            |       |       |     7 |     8 ||    15
       Scroll            |       |       |       |     4 ||     4
 Stab: Sleeping          |     6 |    10 |     5 |     1 ||    22
       Distracted        |       |     1 |     1 |       ||     2
       Invisible         |       |       |       |     3 ||     3
  Eat: Chunk             |     1 |     7 |    11 |       ||    19
       Ration            |       |       |     2 |     1 ||     3
Armor: Skin              |     6 |     3 |     6 |    75 ||    90
Dodge: Dodged            |    23 |    43 |    88 |    69 ||   223
Block: Kite shield       |    17 |    28 |   105 |    97 ||   247

Table legend:
 A = Non-vault XP
 B = Vault XP
 C = Vault XP percentage of total XP
 D = Non-vault monster count
 E = Vault monster count
 F = Vault count percentage of total count
                 A         B        C        D         E       F
            +---------+---------+-------+---------+---------+-------
      Total |    3594 |    1853 |  34.0 |     150 |      23 |  13.3
            +---------+---------+-------+---------+---------+-------
        D:1 |      30 |       0 |   0.0 |      13 |       0 |   0.0
        D:2 |      69 |       0 |   0.0 |      24 |       0 |   0.0
        D:3 |      86 |     325 |  79.1 |      16 |       9 |  36.0
        D:4 |     212 |       0 |   0.0 |      11 |       0 |   0.0
        D:5 |     651 |      41 |   5.9 |      33 |       1 |   2.9
        D:6 |     704 |       0 |   0.0 |      14 |       0 |   0.0
        D:7 |    1096 |    1365 |  55.5 |      24 |       2 |   7.7
        D:8 |     746 |       0 |   0.0 |      15 |       0 |   0.0
      Sewer |       0 |     122 | 100.0 |       0 |      11 | 100.0
            +---------+---------+-------+---------+---------+-------
